TOP OF THE 1ST |
Boise Hawks batting - Pitching for Hillsboro Hops : RHP Alexis Priego
|
Pitching: RHP Alexis Priego
|
|
Batting: LHB Seung-jun Chang
|
0-0: SINGLE (Groundball, 56, EV 95.0 MPH)
|
Batting: LHB Javier Rubio
|
0-0: Called Strike 0-1: Swinging Strike 0-2: Ball 1-2: Strikes out swinging Seung-jun Chang is caught stealing 2nd base 2-6 Batter strikes out.
|
Batting: LHB Ho-win Zhou
|
0-0: Called Strike 0-1: Ball 1-1: Ground out 5-3 (Groundball, 6, EV 89.4 MPH)
|
Top of the 1st over - 0 runs, 1 hit, 0 errors, 0 left on base; Boise 0 - Hillsboro 0 |
BOTTOM OF THE 1ST |
Hillsboro Hops batting - Pitching for Boise Hawks : RHP Iehohs Inatho
|
Pitching: RHP Iehohs Inatho
|
|
Batting: RHB Nelson Ozuna
|
0-0: Ball 1-0: Ball 2-0: Called Strike 2-1: Ball 3-1: Base on Balls
|
Batting: RHB Dwane Reed
|
0-0: Foul Ball, location: 2F 0-1: 2-RUN HOME RUN (Flyball, 7D, EV 105.6 MPH), Distance : 404 ft
|
Batting: RHB Terry Jarrells
|
0-0: Ball 1-0: SINGLE (Groundball, 56, EV 108.8 MPH) (infield hit)
|
Pinch Runner at 1st Orlando Florez:
|
|
Batting: RHB Danny Loyola
|
0-0: Foul Ball, location: 2F 0-1: Fielders Choice at 2nd, 6-4 (Groundball, 6, EV 91.9 MPH)
|
Batting: RHB Longfellow Wetzler
|
0-0: Called Strike 0-1: Fielders Choice at 2nd, 6-4 (Groundball, 6, EV 100.0 MPH)
|
Batting: RHB Roberto Monzon
|
0-0: Called Strike Longfellow Wetzler steals 2nd base 0-1: Ground out 6-3 (Groundball, 6, EV 86.2 MPH)
|
Bottom of the 1st over - 2 runs, 2 hits, 0 errors, 1 left on base; Boise 0 - Hillsboro 2 |
TOP OF THE 2ND |
Boise Hawks batting - Pitching for Hillsboro Hops : RHP Alexis Priego
|
Now at 1B: Orlando Florez
|
|
Batting: RHB John Corfield
|
0-0: Called Strike 0-1: Swinging Strike 0-2: DOUBLE (Line Drive, 89D, EV 114.4 MPH)
|
Batting: RHB Kevin McKasson
|
0-0: Ball 1-0: Ball 2-0: Foul Ball, location: 2F 2-1: Foul Ball, location: 2F 2-2: Foul Ball, location: 2F 2-2: Ground out 5-3 (Groundball, 5, EV 88.8 MPH)
|
Batting: RHB Chris Simmons
|
0-0: Hit by Pitch
|
Batting: SHB Conor Davies
|
0-0: Fielders Choice at 2nd, 6-4 (Groundball, 6, EV 81.2 MPH) John Corfield to third
|
Batting: LHB Iehohs Inatho
|
0-0: Ball Wild Pitch! John Corfield scores Conor Davies to second 1-0: Ball 2-0: Foul Ball, location: 2F 2-1: Ball Wild Pitch! Conor Davies to third 3-1: Fly out, F6 (Popup, 6S, EV 72.5 MPH)
|
Top of the 2nd over - 1 run, 1 hit, 0 errors, 1 left on base; Boise 1 - Hillsboro 2 |
BOTTOM OF THE 2ND |
Hillsboro Hops batting - Pitching for Boise Hawks : RHP Iehohs Inatho
|
Batting: RHB Chris McGrath
|
0-0: Foul Ball, location: 2F 0-1: Ground out 6-3 (Groundball, 6, EV 95.0 MPH)
|
Batting: LHB Josh Kirk
|
0-0: Called Strike 0-1: Ball 1-1: Foul Ball, location: 2F 1-2: Ball 2-2: SINGLE (Groundball, 4M, EV 99.4 MPH)
|
Batting: RHB Trevor Corey
|
0-0: Swinging Strike 0-1: Foul Ball, location: 2F 0-2: Ball 1-2: Ball 2-2: Strikes out swinging
|
Batting: RHB Nelson Ozuna
|
0-0: Swinging Strike 0-1: Foul Ball, location: 2F 0-2: Ball 1-2: Foul Ball, location: 2F 1-2: Ball 2-2: Strikes out swinging
|
Bottom of the 2nd over - 0 runs, 1 hit, 0 errors, 1 left on base; Boise 1 - Hillsboro 2 |
TOP OF THE 3RD |
Boise Hawks batting - Pitching for Hillsboro Hops : RHP Alexis Priego
|
Batting: RHB Pei Xie
|
0-0: Ball 1-0: Called Strike 1-1: Ball 2-1: Ball 3-1: Foul Ball, location: 2F 3-2: Fly out, F9 (Flyball, 9LM, EV 86.2 MPH)
|
Batting: LHB Seung-jun Chang
|
0-0: Ball 1-0: Swinging Strike 1-1: Foul Ball, location: 2F 1-2: Strikes out swinging
|
Batting: LHB Javier Rubio
|
0-0: Swinging Strike 0-1: Ball 1-1: Ball 2-1: Swinging Strike 2-2: Strikes out swinging
|
Top of the 3rd over - 0 runs, 0 hits, 0 errors, 0 left on base; Boise 1 - Hillsboro 2 |
BOTTOM OF THE 3RD |
Hillsboro Hops batting - Pitching for Boise Hawks : RHP Iehohs Inatho
|
Batting: RHB Dwane Reed
|
0-0: Ball 1-0: Ground out 6-3 (Groundball, 6D, EV 105.0 MPH)
|
Batting: RHB Orlando Florez
|
0-0: TRIPLE (Flyball, 89XD, EV 103.1 MPH)
|
Batting: RHB Danny Loyola
|
0-0: Called Strike 0-1: Ball 1-1: Ball 2-1: Foul Ball, location: 2F 2-2: Ball 3-2: Foul Ball, location: 2F 3-2: Base on Balls
|
Batting: RHB Longfellow Wetzler
|
0-0: Reached on error, E6 (Groundball, 6, EV 85.0 MPH) Orlando Florez scores Danny Loyola to second
|
Batting: RHB Roberto Monzon
|
0-0: Ball 1-0: Foul Ball, location: 2F 1-1: Ball 2-1: Ball 3-1: Swinging Strike 3-2: Strikes out swinging
|
Batting: RHB Chris McGrath
|
0-0: SINGLE (Line Drive, 8RS, EV 93.1 MPH) Danny Loyola to third Longfellow Wetzler to second Throwing error, E8 Danny Loyola scores Longfellow Wetzler to third Chris McGrath to second
|
Batting: LHB Josh Kirk
|
0-0: Called Strike 0-1: Swinging Strike 0-2: Ball 1-2: Ball 2-2: Foul Ball, location: 2F 2-2: Ground out 5-3 (Groundball, 5, EV 100.6 MPH)
|
Bottom of the 3rd over - 2 runs, 2 hits, 2 errors, 2 left on base; Boise 1 - Hillsboro 4 |
TOP OF THE 4TH |
Boise Hawks batting - Pitching for Hillsboro Hops : RHP Alexis Priego
|
Batting: LHB Ho-win Zhou
|
0-0: Called Strike 0-1: Ball 1-1: DOUBLE (Groundball, 3L, EV 106.9 MPH)
|
Batting: RHB John Corfield
|
0-0: Foul Ball, location: 2F 0-1: Foul Ball, location: 2F 0-2: Foul Ball, location: 2F 0-2: Ball 1-2: Ball 2-2: Strikes out looking
|
Batting: RHB Kevin McKasson
|
0-0: Foul Ball, location: 2F 0-1: Ball 1-1: Ball 2-1: Ball 3-1: Called Strike 3-2: Strikes out swinging
|
Batting: RHB Chris Simmons
|
0-0: Ball 1-0: Swinging Strike 1-1: Foul Ball, location: 2F 1-2: Fly out, F7 (Flyball, 7LM, EV 82.5 MPH)
|
Top of the 4th over - 0 runs, 1 hit, 0 errors, 1 left on base; Boise 1 - Hillsboro 4 |
BOTTOM OF THE 4TH |
Hillsboro Hops batting - Pitching for Boise Hawks : RHP Iehohs Inatho
|
Batting: RHB Trevor Corey
|
0-0: Foul Ball, location: 2F 0-1: Ball 1-1: Ball 2-1: Ground out 6-3 (Groundball, 6S, EV 79.4 MPH)
|
Batting: RHB Nelson Ozuna
|
0-0: Ball 1-0: Ball 2-0: Called Strike 2-1: Ball 3-1: Called Strike 3-2: Base on Balls
|
Batting: RHB Dwane Reed
|
0-0: Fielders Choice at 2nd, 5-4 (Groundball, 56, EV 84.4 MPH)
|
Batting: RHB Orlando Florez
|
0-0: Called Strike 0-1: Ball 1-1: Ball 2-1: Foul Ball, location: 2F 2-2: Ball 3-2: Foul Ball, location: 2F 3-2: Foul Ball, location: 2F 3-2: Foul Ball, location: 2F 3-2: Base on Balls Dwane Reed to second
|
Batting: RHB Danny Loyola
|
0-0: Called Strike 0-1: Ball 1-1: Ground out U3 (Groundball, 34S, EV 78.8 MPH)
|
Bottom of the 4th over - 0 runs, 0 hits, 0 errors, 2 left on base; Boise 1 - Hillsboro 4 |
TOP OF THE 5TH |
Boise Hawks batting - Pitching for Hillsboro Hops : RHP Alexis Priego
|
Batting: SHB Conor Davies
|
0-0: Fly out, F8 (Flyball, 8LXD, EV 103.1 MPH)
|
Batting: LHB Iehohs Inatho
|
0-0: Swinging Strike 0-1: Ball 1-1: Foul Ball, location: 2F 1-2: Strikes out swinging
|
Batting: RHB Pei Xie
|
0-0: Ground out 4-3 (Groundball, 4MD, EV 111.2 MPH)
|
Top of the 5th over - 0 runs, 0 hits, 0 errors, 0 left on base; Boise 1 - Hillsboro 4 |
BOTTOM OF THE 5TH |
Hillsboro Hops batting - Pitching for Boise Hawks : RHP Iehohs Inatho
|
Pitching: RHP Michael Conrad
|
|
Batting: RHB Longfellow Wetzler
|
0-0: Ball 1-0: Ball 2-0: Fly out, F8 (Flyball, 8RS, EV 77.5 MPH)
|
Batting: RHB Roberto Monzon
|
0-0: Ball 1-0: Ball 2-0: Swinging Strike 2-1: Foul Ball, location: 2F 2-2: Ball 3-2: Ground out 6-3 (Groundball, 6, EV 106.2 MPH)
|
Batting: RHB Chris McGrath
|
0-0: Called Strike 0-1: Swinging Strike 0-2: Ball 1-2: Foul Ball, location: 2F 1-2: Ball 2-2: Ball 3-2: Strikes out swinging
|
Bottom of the 5th over - 0 runs, 0 hits, 0 errors, 0 left on base; Boise 1 - Hillsboro 4 |
TOP OF THE 6TH |
Boise Hawks batting - Pitching for Hillsboro Hops : RHP Alexis Priego
|
Batting: LHB Seung-jun Chang
|
0-0: Ball 1-0: Called Strike 1-1: Called Strike 1-2: Ball 2-2: Foul Ball, location: 2F 2-2: SINGLE (Groundball, 34D, EV 96.9 MPH)
|
Batting: LHB Javier Rubio
|
0-0: Ball 1-0: Called Strike Seung-jun Chang steals 2nd, throwing error, E2 Seung-jun Chang to third 1-1: Foul Ball, location: 2F 1-2: Ball 2-2: Foul Ball, location: 2F Balk! Seung-jun Chang scores 2-2: Ball 3-2: Base on Balls
|
Batting: LHB Ho-win Zhou
|
0-0: Ball 1-0: Called Strike 1-1: Foul Ball, location: 2F 1-2: Fly out, F9 (Flyball, 8RS, EV 75.6 MPH)
|
Batting: RHB John Corfield
|
0-0: Called Strike 0-1: Called Strike 0-2: Ball 1-2: Foul Ball, location: 2F 1-2: Ball 2-2: Ball 3-2: Foul Ball, location: 2F 3-2: Base on Balls Javier Rubio to second
|
Batting: RHB Kevin McKasson
|
0-0: Fielders Choice at 2nd, 6-4 (Groundball, 6S, EV 84.4 MPH) Javier Rubio to third
|
Pinch Hitting: LHB Nick Ramsdell
|
0-0: SINGLE (Line Drive, 8RS, EV 108.8 MPH) Javier Rubio scores Kevin McKasson to second
|
Batting: SHB Conor Davies
|
0-0: Swinging Strike 0-1: Ball 1-1: Foul Ball, location: 2F 1-2: Strikes out swinging
|
Top of the 6th over - 2 runs, 2 hits, 1 error, 2 left on base; Boise 3 - Hillsboro 4 |
BOTTOM OF THE 6TH |
Hillsboro Hops batting - Pitching for Boise Hawks : RHP Michael Conrad
|
Now at 3B: Shawn Weber
|
|
Batting: LHB Josh Kirk
|
0-0: SINGLE (Groundball, 4MD, EV 99.4 MPH)
|
Batting: RHB Trevor Corey
|
0-0: Swinging Strike 0-1: Ball 1-1: Swinging Strike 1-2: Ball 2-2: Foul Ball, location: 2F 2-2: Ball 3-2: Foul Ball, location: 2F 3-2: Base on Balls Josh Kirk to second
|
Batting: RHB Nelson Ozuna
|
0-0: Ball 1-0: Foul Ball, location: 2F 1-1: SINGLE (Groundball, 25, EV 75.0 MPH) (infield hit) Josh Kirk to third Trevor Corey to second
|
Batting: RHB Dwane Reed
|
0-0: Ball 1-0: Ball 2-0: Called Strike 2-1: Ball Passed Ball! Josh Kirk scores Trevor Corey to third Nelson Ozuna to second 3-1: Foul Ball, location: 2F 3-2: Strikes out looking
|
Pitching: RHP Terry Sterling
|
|
Batting: RHB Orlando Florez
|
0-0: Called Strike 0-1: Ball 1-1: Ground out 4-3 (Groundball, 4, EV 90.6 MPH)
|
Batting: RHB Danny Loyola
|
0-0: SINGLE (Groundball, 56S, EV 98.8 MPH) Trevor Corey scores Nelson Ozuna to third Runner from 3rd tries for Home, SAFE, throw by LF to home Danny Loyola to second
|
Batting: RHB Longfellow Wetzler
|
0-0: Called Strike 0-1: Foul Ball, location: 2F 0-2: Foul Ball, location: 2F 0-2: SINGLE (Groundball, 6MD, EV 98.8 MPH) Danny Loyola to third Runner from 3rd tries for Home, throw by CF and OUT! 8-2
|
Bottom of the 6th over - 3 runs, 4 hits, 0 errors, 1 left on base; Boise 3 - Hillsboro 7 |
TOP OF THE 7TH |
Boise Hawks batting - Pitching for Hillsboro Hops : RHP Alexis Priego
|
Pitching: RHP Addick Huiberts
|
|
Batting: LHB Iehohs Inatho
|
0-0: Swinging Strike 0-1: Ball 1-1: Ball 2-1: Ball 3-1: Called Strike 3-2: Foul Ball, location: 2F 3-2: Strikes out swinging
|
Batting: RHB Pei Xie
|
0-0: Called Strike 0-1: Ball 1-1: Ball 2-1: Called Strike 2-2: Ball 3-2: Base on Balls
|
Batting: LHB Seung-jun Chang
|
0-0: Ball 1-0: Ball 2-0: Ball Pei Xie steals 2nd, throwing error, E2 Pei Xie to third 3-0: Base on Balls
|
Batting: LHB Javier Rubio
|
0-0: Foul Ball, location: 2F 0-1: Called Strike Seung-jun Chang steals 2nd base 0-2: Strikes out swinging
|
Pitching: LHP Chris Bonfanti
|
|
Batting: LHB Ho-win Zhou
|
0-0: Ground out 4-3 (Groundball, 4, EV 90.6 MPH)
|
Top of the 7th over - 0 runs, 0 hits, 1 error, 2 left on base; Boise 3 - Hillsboro 7 |
BOTTOM OF THE 7TH |
Hillsboro Hops batting - Pitching for Boise Hawks : RHP Terry Sterling
|
Batting: RHB Roberto Monzon
|
0-0: Called Strike 0-1: Ball 1-1: Ball 2-1: Foul Ball, location: 2F 2-2: Strikes out looking
|
Batting: RHB Chris McGrath
|
0-0: Ball 1-0: Foul Ball, location: 2F 1-1: Called Strike 1-2: Ball 2-2: Ground out 5-3 (Groundball, 56S, EV 80.6 MPH)
|
Batting: LHB Josh Kirk
|
0-0: Ball 1-0: Ball 2-0: Called Strike 2-1: Ball 3-1: Called Strike 3-2: Base on Balls
|
Pitching: RHP Manny Lebron
|
|
Batting: RHB Trevor Corey
|
0-0: Ball 1-0: Ball 2-0: Called Strike 2-1: Foul Ball, location: 2F 2-2: Strikes out swinging
|
Bottom of the 7th over - 0 runs, 0 hits, 0 errors, 1 left on base; Boise 3 - Hillsboro 7 |
TOP OF THE 8TH |
Boise Hawks batting - Pitching for Hillsboro Hops : LHP Chris Bonfanti
|
Batting: RHB John Corfield
|
0-0: Ball 1-0: Ball 2-0: Ball 3-0: Base on Balls
|
Batting: RHB Kevin McKasson
|
0-0: Called Strike 0-1: Ball 1-1: Fielders Choice at 2nd, 5-4 (Groundball, 5, EV 108.8 MPH)
|
Batting: RHB Shawn Weber
|
0-0: Hit by Pitch Kevin McKasson to second
|
Batting: SHB Conor Davies
|
0-0: Foul Ball, location: 2F 0-1: Ball 1-1: Foul Ball, location: 2F 1-2: Grounds into double play, 5-4-3 (Groundball, 5, EV 98.1 MPH)
|
Top of the 8th over - 0 runs, 0 hits, 0 errors, 1 left on base; Boise 3 - Hillsboro 7 |
BOTTOM OF THE 8TH |
Hillsboro Hops batting - Pitching for Boise Hawks : RHP Manny Lebron
|
Batting: RHB Nelson Ozuna
|
0-0: SINGLE (Groundball, P, EV 85.6 MPH) (infield hit)
|
Batting: RHB Dwane Reed
|
0-0: Called Strike 0-1: Ball 1-1: Ball 2-1: Foul Ball, location: 2F 2-2: Foul Ball, location: 2F 2-2: Foul Ball, location: 2F 2-2: Ball 3-2: Strikes out looking Nelson Ozuna steals 2nd base Batter strikes out.
|
Batting: RHB Orlando Florez
|
0-0: Foul Ball, location: 2F 0-1: Foul Ball, location: 2F 0-2: Ball 1-2: Ground out U3 (Groundball, 34, EV 87.5 MPH) Nelson Ozuna to third
|
Batting: RHB Danny Loyola
|
0-0: Called Strike 0-1: Swinging Strike 0-2: Foul Ball, location: 2F 0-2: Foul Ball, location: 2F 0-2: Ball 1-2: Ball 2-2: Strikes out swinging
|
Bottom of the 8th over - 0 runs, 1 hit, 0 errors, 1 left on base; Boise 3 - Hillsboro 7 |
TOP OF THE 9TH |
Boise Hawks batting - Pitching for Hillsboro Hops : LHP Chris Bonfanti
|
Batting: LHB Iehohs Inatho
|
0-0: Ball 1-0: TRIPLE (Line Drive, 9LD, EV 96.9 MPH)
|
Batting: RHB Pei Xie
|
0-0: SINGLE (Line Drive, 78S, EV 85.6 MPH) Iehohs Inatho scores
|
Pitching: LHP Jose Estrada
|
|
Pinch Hitting: RHB Chris Kinder
|
0-0: Foul Ball, location: 2F 0-1: Called Strike 0-2: Strikes out swinging
|
Pinch Hitting: RHB Brandon Burrell
|
0-0: Called Strike 0-1: Foul Ball, location: 2F 0-2: Ball 1-2: Foul Ball, location: 2F 1-2: Foul Ball, location: 2F 1-2: Foul Ball, location: 2F 1-2: Strikes out swinging
|
Batting: LHB Ho-win Zhou
|
0-0: Foul Ball, location: 2F 0-1: Foul Ball, location: 2F 0-2: Strikes out swinging
|
Top of the 9th over - 1 run, 2 hits, 0 errors, 1 left on base; Boise 4 - Hillsboro 7 |
|